 Dungeon Crawl Stone Soup version 0.18.1-50-g88ac8fd (webtiles) character file.

835 Naarciss the Firebug (level 7, 0/36 HPs)
             Began as a Deep Elf Fire Elementalist on Sept 29, 2016.
             Slain by a hound (2 damage)
             ... on level 4 of the Dungeon.
             The game lasted 00:25:38 (3819 turns).

Naarciss the Firebug (Deep Elf Fire Elementalist)   Turns: 3819, Time: 00:25:38

Health: 0/36       AC:  2    Str:  5    XL:     7   Next: 66%
Magic:  1/17       EV: 13    Int: 27    God:
Gold:   99         SH:  0    Dex: 15    Spells: 3 memorised, 9 levels left

rFire  . . .     SeeInvis .     (no weapon)
rCold  + . .     Gourm    .     a - +0 robe
rNeg   . . .     Faith    +     (no shield)
rPois  .         Spirit   .     (no helmet)
rElec  .         Dismiss  .     (no cloak)
rCorr  .         Reflect  .     (no gloves)
SustAt .         Harm     .     (no boots)
MR     .....                    j - amulet of faith
Stlth  ++........               (no ring)
                                u - ring of protection from cold

@: brilliant, flying, very slightly contaminated, hasted, very quick, not
resistant to hostile enchantments, unstealthy
A: no striking features
a: no special abilities


You were on level 4 of the Dungeon.
You were not hungry.

You visited 1 branch of the dungeon, and saw 4 of its levels.

You collected 99 gold pieces.

Inventory:

Armour
 a - a +0 robe (worn)
Jewellery
 f - an uncursed amulet of guardian spirit
 j - an amulet of faith (around neck)
 u - a ring of protection from cold (left hand)
Scrolls
 e - a scroll of enchant armour {unknown}
 h - a scroll of enchant weapon {unknown}
 k - a scroll of amnesia {unknown}
 l - a scroll of remove curse {unknown}
 m - a scroll of random uselessness {unknown}
 n - a scroll of teleportation {unknown}
 o - a scroll of identify {unknown}
 v - a scroll of fog {unknown}
Potions
 c - a potion of cancellation {unknown}
 d - a potion of cure mutation {unknown}
 g - a potion of curing {unknown}
 i - a potion of flight
 p - 2 potions of brilliance
Books
 b - a book of Flames

   Spells                             Type                      Level
   a - Flame Tongue                   Conjuration/Fire             1
   b - Throw Flame                    Conjuration/Fire             2
   c - Conjure Flame                  Conjuration/Fire             3
   d - Inner Flame                    Hexes/Fire                   3
   e - Sticky Flame                   Conjuration/Fire             4
   f - Fireball                       Conjuration/Fire             5
Comestibles
 r - 2 bread rations
 s - 2 slices of pizza
 t - 2 meat rations
 w - a royal jelly


   Skills:
 + Level 2.9 Dodging
 + Level 3.4 Stealth
 + Level 5.8 Spellcasting
 + Level 4.4 Conjurations
 * Level 7.4 Fire Magic


You had 9 spell levels left.
You knew the following spells:

 Your Spells              Type           Power        Failure   Level  Hunger
a - Flame Tongue          Conj/Fire      #####        1%          1    None
b - Throw Flame           Conj/Fire      ######       1%          2    None
c - Fireball              Conj/Fire      ######....   2%          5    #####..


Dungeon Overview and Level Annotations

Branches:
Dungeon (4/15)
 Temple: D:4-7

Altars:
Ashenzari
Dithmenos
Elyvilon
Kikubaaqudgha
Pakellas
Trog
Xom
Yredelemnul
Zin


Message History

The hound completely misses you. The hound bites you. The hound bites you.
Drink which item? (? for menu, Esc to quit)
It was a potion of brilliance.
You feel clever all of a sudden. The hound barely misses you.
The orc hits you from afar with a trident!
* * * LOW HITPOINT WARNING * * *
Unknown command.
Drink which item? (? for menu, Esc to quit)
It was a potion of flight.
You feel very buoyant.
You fly up into the air.
The hound closely misses you. The orc closely misses you. The hound misses you.
Drink which item? (? for menu, Esc to quit)
You can't drink that!
Drink which item? (? for menu, Esc to quit)
It was a potion of haste.
You feel yourself speed up. The hound bites you.
You die...

#########
#..oh@..# .#.##
#.#####.#
......#.# #.#
#.)†)# ##.####
#.#### #.....# #
#.....####
#........#
#........########
##+###..........#


You could see a hound and an orc.

Vanquished Creatures
  Sigmund (D:3)
  2 ogres
  The ghost of Naarciss the Firebug, an amateur DEFE of Vehumet (D:3)
  A big kobold (D:3)
  A scorpion (D:4)
  A howler monkey (D:3)
  A hound (D:4)
  An orc priest (D:4)
  An orc wizard (D:4)
  A giant frog skeleton (D:4)
  2 worker ants
  4 adders
  An ooze (D:4)
  An adder skeleton (D:4)
  5 worms
  3 dart slugs
  4 giant geckos
  3 orcs
  A ball python (D:3)
  2 giant cockroaches
  6 hobgoblins
  3 jackals (D:3)
  2 quokkas
  4 bats
  5 giant newts
  15 goblins
  6 kobolds
  A quokka skeleton (D:4)
  7 rats
86 creatures vanquished.

Notes
Turn   | Place    | Note
--------------------------------------------------------------
     0 | D:1      | Naarciss the Deep Elf Fire Elementalist began the quest for the Orb.
     0 | D:1      | Reached XP level 1. HP: 10/10 MP: 6/6
   295 | D:1      | Reached XP level 2. HP: 15/15 MP: 6/8
   299 | D:1      | Learned a level 2 spell: Throw Flame
   570 | D:1      | Found a shimmering altar of Xom.
   643 | D:1      | Reached skill level 4 in Fire Magic
  1139 | D:2      | Reached XP level 3. HP: 19/19 MP: 2/9
  1833 | D:3      | Noticed Naarciss's ghost (amateur DEFE)
  1852 | D:3      | Killed Naarciss's ghost
  1852 | D:3      | Reached skill level 5 in Fire Magic
  1852 | D:3      | Reached XP level 4. HP: 18/24 MP: 0/11
  2076 | D:3      | Found a faded altar to an unknown god.
  2081 | D:3      | Noticed Sigmund
  2090 | D:3      | Killed Sigmund
  2090 | D:3      | Reached XP level 5. HP: 28/28 MP: 2/13
  2090 | D:3      | Reached XP level 6. HP: 32/32 MP: 2/14
  2097 | D:3      | Learned a level 5 spell: Fireball
  2377 | D:3      | Reached skill level 6 in Fire Magic
  2393 | D:3      | Reached skill level 5 in Spellcasting
  2673 | D:3      | Reached XP level 7. HP: 36/36 MP: 5/16
  3035 | D:3      | Found a white marble altar of Elyvilon.
  3035 | D:3      | Found a glowing silver altar of Zin.
  3037 | D:3      | Found a shimmering altar of Xom.
  3037 | D:3      | Found an oddly glowing altar of Pakellas.
  3037 | D:3      | Found a basalt altar of Yredelemnul.
  3037 | D:3      | Found an ancient bone altar of Kikubaaqudgha.
  3037 | D:3      | Found a shadowy altar of Dithmenos.
  3038 | D:3      | Found a bloodstained altar of Trog.
  3534 | D:4      | Reached skill level 7 in Fire Magic
  3649 | D:4      | Found a shattered altar of Ashenzari.
  3819 | D:4      | Slain by a hound

Skill      XL: |  1  2  3  4  5  6  7 |
---------------+----------------------+-----
Fire Magic     | 4 5 6 7 |  7.4
Conjurations   | 2 3 4 |  4.4
Stealth        | 3 |  3.4
Spellcasting   | 4 5 |  5.8
Dodging        | |  2.9

Action                   |  1- 3 |  4- 6 |  7- 9 || total
-------------------------+-------+-------+-------++-------
Melee: Unarmed           |     7 |       |       ||     7
 Cast: Flame Tongue      |    22 |    38 |    34 ||    94
       Throw Flame       |    39 |    23 |    31 ||    93
       Fireball          |       |       |     1 ||     1
  Use: Potion            |     1 |       |     3 ||     4
  Eat: Bread ration      |     1 |       |       ||     1
       Meat ration       |       |     1 |       ||     1
       Pizza             |       |     1 |       ||     1
Armor: Skin              |     7 |       |       ||     7
       Robe              |       |     1 |       ||     1
Dodge: Dodged            |     2 |     9 |    14 ||    25
